 Dungeon Crawl Stone Soup version 0.29-a0-817-g9904bce7a6 (webtiles) character file.

Game seed: 3572328597883126829

1 blackman the Chopper (level 1, -4/18 HPs)
             Began as a Human Chaos Knight on July 5, 2022.
             Was a Plaything of Xom.
             Slain by a spriggan (shapeshifter) (8 damage)
             ... on level 1 of the Dungeon.
             The game lasted 00:00:12 (62 turns).

blackman the Chopper (Human Chaos Knight)             Turns: 62, Time: 00:00:13

Health: -4/18      AC:  5    Str: 12    XL:     1   Next: 22%
Magic:  1/1        EV: 11    Int: 12    God:    Xom [..*...]
Gold:   0          SH:  0    Dex: 12    Spells: 0/0 levels left

rFire   . . .      SeeInvis .   a - +0 hand axe (chaos)
rCold   . . .      Faith    .   (no shield)
rNeg    . . .      Spirit   .   b - +2 leather armour
rPois   .          Reflect  .   (no helmet)
rElec   .          Harm     .   (no cloak)
rCorr   .          Rampage  .   (no gloves)
Will    .....                   (no boots)
Stlth   +.........              (no amulet)
HPRegen 0.06/turn               (no ring)
MPRegen 0.07/turn               (no ring)

@: hasted, very quick
A: no striking features
a: Renounce Religion


You were on level 1 of the Dungeon.
You worshipped Xom.
You were a toy of Xom.
You visited 1 branch of the dungeon, and saw 1 of its levels.

Inventory:

Hand Weapons
 a - a +0 hand axe of chaos (weapon)
Armour
 b - a +2 leather armour (worn)
Scrolls
 d - a scroll of identify {unknown}
 e - a scroll of teleportation {unknown}
 f - a scroll of fog {unknown}
Miscellaneous
 c - a piece from Xom's chessboard (15/15) (quivered)


   Skills:
 - Level 3.0 Fighting
 + Level 3.1 Axes
 - Level 2.0 Armour
 - Level 1.0 Dodging


You couldn't memorise any spells.
You didn't know any spells.
Your spell library was empty.

Dungeon Overview and Level Annotations

Branches:
Dungeon (1/15)

Altars:


Message History

f - a scroll labelled GEF HISCHASSI A dart slug comes into view.
Found 8 gold pieces and a leather armour.
A dart slug is nearby!
A dart slug is nearby!
You see here 8 gold pieces.
The dart slug launches a dart at you. The slug dart hits you.
You hit the dart slug.
The dart slug is moderately wounded.
The dart slug bites you but does no damage.
You hit the dart slug but do no damage.
The dart slug changes into a shapeshifter!
Xom is highly amused!
The shapeshifter changes into a spriggan!
You completely miss the spriggan. The spriggan closely misses you.
You hit the spriggan. You burn the spriggan.
The spriggan is lightly wounded.
The spriggan hits you.
A spriggan is nearby!
A spriggan is nearby!
You miss the spriggan.
The spriggan is lightly wounded. "Go forth and destroy!"
You feel yourself speed up. The spriggan hits you.
A shower of butterflies erupts from you!
You miss the spriggan.
The spriggan is lightly wounded.
The spriggan hits you.
* * * LOW HITPOINT WARNING * * *
You hit the spriggan.
The spriggan is lightly wounded.
The spriggan closely misses you.
You barely miss the spriggan.
The spriggan is lightly wounded.
You barely miss the spriggan.
The spriggan is lightly wounded.
The spriggan hits you!
You die...
Xom laughs nastily!

##### ###
#####.#.###..#
####...##..#....#.
#....#............
#b###...#.......##
#b# ##...#....###
#@# #.........+
#i# ##...##...###
#b# #.#.........##
#.# ###...........
#.# #....#......
#.# #.#####......
#.# #.. ###....
..# # #.### #..#


You could see a spriggan shaped shifter (ally target).

Vanquished Creatures
  An endoplasm (D:1)
1 creature vanquished.

Notes
Turn   | Place    | Note
-------+----------+-------------------------------------------
     0 | D:1      | blackman the Human Chaos Knight began the quest for the
                  | Orb.
     0 | D:1      | Reached XP level 1. HP: 18/18 MP: 1/1
    55 | D:1      | Noticed a shapeshifter
    55 | D:1      | a dart slug changed into a shapeshifter
    55 | D:1      | Noticed a spriggan
    55 | D:1      | a shapeshifter changed into a spriggan
    58 | D:1      | XOM: potion effect (haste)
    58 | D:1      | XOM: butterfly on damage
    62 | D:1      | Slain by a spriggan (shapeshifter)

Illustrated notes

Levels and vault maps discovered:
D:1:      elethiomel_arrival_infinity_welcomes_careful_drivers,
          layout_loops_ring, shapermc_ecumenical_altar_pompeii

Action                   || total
-------------------------++-------
Melee: Hand axe          ||    11
Armor: Leather armour    ||     1
Dodge: Dodged            ||     2

Table legend: (Time is in decaauts)
 A = Elapsed time spent in this place.
 B = Non-inter-level travel time spent in this place.
 C = Inter-level travel time spent in this place.
 D = Time resting spent in this place.
 E = Time spent auto-exploring this place.
 F = Levels seen in this place.
 G = Mean time per level.
                   A        B        C        D        E       F      G
               +--------+--------+--------+--------+--------+-----+--------+
         Total |     62 |     62 |      0 |      0 |     41 |   1 |   62.0 |
       Dungeon |     62 |     62 |      0 |      0 |     41 |   1 |   62.0 |
               +--------+--------+--------+--------+--------+-----+--------+

Top non-repeatable levels by time:
     D:1: 62 daAuts
